 Dungeon Crawl Stone Soup version 0.27.1-37-g7b29ead8ac (console) character file.

Game seed: 12806998203073702691

548 grimtooth the Stinger (level 7, 0/46 HPs)
             Began as a Barachi Venom Mage on Aug 19, 2023.
             Was a Believer of Elyvilon.
             Succumbed to a water moccasin's poison
             ... on level 4 of the Dungeon.
             The game lasted 00:26:50 (6400 turns).

grimtooth the Stinger (Barachi Venom Mage)          Turns: 6400, Time: 00:26:51

Health: 0/46       AC:  3    Str:  9    XL:     7   Next: 28%
Magic:  7/11       EV: 12    Int: 18    God:    Elyvilon [**....]
Gold:   167        SH:  0    Dex: 12    Spells: 9/12 levels left

rFire    + . .     SeeInvis .   c - +0 dagger
rCold    . . .     Faith    .   (no shield)
rNeg     . . .     Spirit   .   a - +0 robe
rPois    .         Reflect  .   (no helmet)
rElec    .         Harm     .   b - +0 cloak
rCorr    .         Rampage  .   (no gloves)
Will     .....                  (no boots)
Stlth    ++........             (no amulet)
HPRegen  0.15/turn              e - ring of protection from fire
MPRegen  0.12/turn              (no ring)

@: lethally poisoned (0 -> -3), unable to hop, on berserk cooldown, slowed, very
slow
A: amphibious, slowness 1, strong legs 1, +LOS
a: Hop, Renounce Religion, Lesser Healing, Heal Other, Divine Protection


You were on level 4 of the Dungeon.
You worshipped Elyvilon.
Elyvilon was pleased with you.
You visited 1 branch of the dungeon, and saw 5 of its levels.

You collected 167 gold pieces.

Inventory:

Hand Weapons
 c - a +0 dagger (weapon)
Missiles
 d - 29 sling bullets
 f - 144 stones (quivered)
 j - 29 poisoned darts
 o - 2 boomerangs
Armour
 a - a +0 robe (worn)
 b - a +0 cloak (worn)
 h - a +0 buckler
 p - a +2 leather armour of poison resistance
Jewellery
 e - a ring of protection from fire (left hand)
 w - a ring of ice
Scrolls
 n - a scroll of fear {unknown}
 q - 2 scrolls of teleportation {unknown}
 r - a scroll of amnesia
 u - a scroll of vulnerability {unknown}
Potions
 g - a potion of curing {unknown}
 i - 4 potions of flight
 l - a potion of lignification
 s - a potion of degeneration {unknown}
 t - 2 potions of cancellation
 v - a potion of heal wounds {unknown}


   Skills:
 - Level 2.1 Dodging
 - Level 3.0 Stealth
 - Level 3.0 Spellcasting
 - Level 3.0 Transmutations
 + Level 1.1 Air Magic
 * Level 7.4 Poison Magic


You had 9 spell levels left.
You knew the following spells:

 Your Spells              Type           Power      Damage    Failure   Level
a - Sting                 Tmut/Pois      84%        1d7       1%          1
b - Poisonous Vapours     Pois/Air       36%        N/A       4%          2

Your spell library contained the following spells:

 Spells                   Type           Power      Damage    Failure   Level
 Olgreb's Toxic Radiance  Pois           29%        N/A       8%          4
 Mephitic Cloud           Conj/Pois/Air  13%        N/A       16%         3


Dungeon Overview and Level Annotations

Branches:
Dungeon (5/15)
 Temple: D:4-7

Altars:
Elyvilon
Gozag
Kikubaaqudgha
Makhleb
Wu Jian

Shops:
D:5 [*

Annotations:
D:5 Dowan, Duvessa, Eustachio


Innate Abilities, Weirdness & Mutations

You are amphibious.
You cover ground slowly.
You can hop short distances.
You have an extended range of vision and can be seen from far away.


Message History

You feel sick. The water moccasin bites you.
* * * LOW HITPOINT WARNING * * *
You completely miss the water moccasin.
The water moccasin is severely wounded.
* * * LOW HITPOINT WARNING * * *
You feel sick. The water moccasin misses you.
You hit the water moccasin.
The water moccasin is almost dead.
* * * LOW HITPOINT WARNING * * *
You feel sick. The water moccasin bites you! Elyvilon protects you from harm!
You puncture the water moccasin!
You kill the water moccasin!
* * * LOW HITPOINT WARNING * * *
You feel sick.
Training target 3.0 for Stealth reached!
Your Stealth skill increases to level 3!
Your Air Magic skill increases to level 1!
Enter note: - and i suppose i'm poisoned to death You are too berserk!
Unknown command.
There is a lethal amount of poison in your body!
You are too berserk!
You are too berserk!
Enter note: - cant read cant quaff just sit til i lose berserk and die instantliy
Enter note: - hell
* * * LOW HITPOINT WARNING * * *
You feel sick.
You feel a strong urge to attack something.
* * * LOW HITPOINT WARNING * * *
You feel sick.
There is a stone staircase leading up here.
You are too berserk!
Unknown command.
* * * LOW HITPOINT WARNING * * *
You feel sick.
You feel your anger nearly subside.
You are no longer berserk.
You are exhausted.
You feel yourself slow down.
You die...

.P......##..##### ##.##
................# #..#
...##......####.#####.##
...##......# #.......#####
...##......# #####.......#
...........# #...#.###...#
...........# ##...#.>.....#
...........###....#...#####
.....#................#
.....#.....##.........#
................@...###
###..#.#####..>.....#
##..)#.# #......<...#
#....#.###..........#
#)8....#....##...##.#
#.....#...###..#.##.#
##......### #)##.##.#
###....## #.##.##.#
.......## ##.##.##.#
....#...####..##.##.#
#.....#..##..###.#..#


There were no monsters in sight!

Vanquished Creatures
  A water moccasin (D:4)
  A black bear (D:4)
  2 scorpions
  A water moccasin zombie (D:4)
  An orc priest (D:3)
  Jessica (D:2)
  A hound zombie (D:5)
  A worm (D:4)
  3 dart slugs
  5 orcs
  9 ball pythons
  5 bats
  9 endoplasms
  6 giant cockroaches
  7 goblins
  8 hobgoblins
  4 jackals
  5 quokkas
  7 frilled lizards (D:1)
  11 kobolds
  10 rats
98 creatures vanquished.

Vanquished Creatures (others)
  A butterfly (D:4)
  11 plants (D:1)
12 creatures vanquished.

Grand Total: 110 creatures vanquished

Notes
Turn   | Place    | Note
-------+----------+-------------------------------------------
     0 | D:1      | grimtooth the Barachi Venom Mage began the quest for the
                  | Orb.
     0 | D:1      | Reached XP level 1. HP: 13/13 MP: 3/3
   267 | D:1      | Reached XP level 2. HP: 19/19 MP: 3/5
   669 | D:1      | Reached skill level 4 in Poison Magic
   946 | D:1      | Reached XP level 3. HP: 23/24 MP: 0/7
  2236 | D:1      | Learned a level 2 spell: Poisonous Vapours
  2618 | D:2      | Reached XP level 4. HP: 30/30 MP: 5/8
  2655 | D:2      | Found a burning altar of Makhleb.
  2708 | D:2      | Found a faded altar of an unknown god.
  2864 | D:2      | Noticed Jessica
  2872 | D:2      | Killed Jessica
  2873 | D:2      | Reached skill level 5 in Poison Magic
  3513 | D:3      | You fall into a shaft and drop 1 floor!
  3513 | D:4      | Found a white marble altar of Elyvilon.
  3517 | D:4      | Became a worshipper of Elyvilon the Healer
  3563 | D:4      | Noticed a black bear
  3625 | D:4      | - and this guy ... i got nothin
  3642 | D:4      | Reached * piety under Elyvilon
  3669 | D:4      | - and here he comes again
  3701 | D:4      | Reached XP level 5. HP: 35/35 MP: 9/9
  3882 | D:4      | Found an ancient bone altar of Kikubaaqudgha.
  4097 | D:3      | Reached skill level 6 in Poison Magic
  4253 | D:3      | Reached XP level 6. HP: 38/41 MP: 6/10
  4284 | D:3      | Found an ornate altar of the Wu Jian Council.
  4582 | D:3      | Found an opulent altar of Gozag.
  5485 | D:4      | Killed a black bear
  5724 | D:5      | Entered Level 5 of the Dungeon
  5853 | D:5      | Found Rogogiow's Lightly-Used Armoury.
  5856 | D:5      | Found Liurygiz's Antique Armour Emporium.
  5863 | D:5      | Reached skill level 7 in Poison Magic
  5863 | D:5      | Reached XP level 7. HP: 46/46 MP: 5/11
  5880 | D:5      | Reached ** piety under Elyvilon
  5880 | D:5      | Noticed Eustachio
  5891 | D:5      | - well this looks bad
  5897 | D:4      | HP: 2/46 [poisoned by a water moccasin]
  6247 | D:5      | Noticed Duvessa
  6247 | D:5      | Noticed Dowan
  6395 | D:4      | Elyvilon protects you from harm!
  6397 | D:4      | Reached skill level 1 in Air Magic
  6397 | D:4      | - and i suppose i'm poisoned to death
  6397 | D:4      | - cant read cant quaff just sit til i lose berserk and die
                  | instantliy
  6397 | D:4      | - hell
  6397 | D:4      | HP: 3/69 [poisoned by a water moccasin]
  6399 | D:4      | HP: 1/69 [poisoned by a water moccasin]
  6400 | D:4      | Succumbed to a water moccasin's poison

Illustrated notes

#..............†......#
#.....................####
#.....................##..
#####..##............###.#
#..###..........#....# ##.#
#######..###....# #.#####
##.###....# #.....##
#..##....# ####...#
##..##.....
########.#.####...##.....
##......#@.......#........
##........#..##.....#..#...
#..........#.##...#.#.##.$.
#..........#......#...##...
#.....g....####...#........
#=)........##...(..........
#..>Z.........#...#........
##.....≈≈..♣♣♣P.≈≈##.#.....
#......≈≈P..P..P≈b##.......
#.......PP♣♣.♣♣PP......
#......P.♣♣...♣♣b.......


Turn 3625 on D:4: - and this guy ... i got nothin #########
#.......############## #...........#........# #....@..###...........
######...######.####.# ###...# #......# ##.#######..## .. .............. ...
....Z......... ..######[####..... ....^........##.# ##..............#
#..............## ########..............# Turn 3669 on D:4: - and here he comes
again #.....# . #.^...## ..#####......# ............# ............#####
.#.........#..# #............### #..............# ###..............#
#...............## #.........@......##### #....#...#...##......###
#.#.<##.......#......#.## #.##.##...##............## ...#......##.............#
...#...#.........S.......## ..............#.......∩...#
.....###.....#.###.........# ...... ##.#######.........## ....
###.###..#..........# ... #.(.........O.#.....# Turn 5891 on D:5: - well this
looks bad ...##......# #####.......# ...........# #...#.###...# ...........#
##...#.>.....# ...........###....#...##### .....#................#
.....#.....##.........# ....................### ###..#.#####..>.....# ##..)#.#
#......<...# #....#.###..........# #)8....#....##..@##.# #.....#...###..#.##.#
##......### #)##.##.# ###....## #.##.##.# .......## ##.##.##.#
....#...####..##.##.# #.....#..##..###.#..# ...#####....## #.#.##
##.######..#####.#<# ...##......)...#.#.#### ..###....##[..........## Turn 6397
on D:4: - and i suppose i'm poisoned to death

Levels and vault maps discovered:
D:1:      dpeg_arrival_ratfight, layout_basic, minivault_27, minmay_door_square,
          lexackson_kobold_supper
D:2:      layout_basic, hellmonk_ecumenical_altar_lost_god, basic_altar,
          uniq_jessica
D:3:      layout_basic, mainiacjoe_overflow_concentric_impassable,
          mainiacjoe_overflow_six_doors_small
D:4:      layout_rooms, nicolae_elyvilon_peaceful_grove,
          mainiacjoe_overflow_chevrons, mrwooster_statue_mirror
D:5:      layout_cave_pools, serial_shops, nicolae_shop_crystal,
          corexii_item_surrounded_by_moat, minmay_shop_damaged, uniq_duvessa,
          uniq_eustachio

Skill      XL: |  1  2  3  4  5  6  7 |
---------------+----------------------+-----
Poison Magic   | 4 5 6 7 |  7.4
Spellcasting   | 3 |  3.0
Transmutations | 2 3 |  3.0
Stealth        | 2 3 |  3.0
Air Magic      | 1 |  1.1
Dodging        | |  2.1

Action                   |  1- 3 |  4- 6 |  7- 9 || total
-------------------------+-------+-------+-------++-------
Melee: Dagger            |     7 |    11 |    11 ||    29
       Unarmed           |       |    16 |       ||    16
Throw: Stone             |     9 |     6 |       ||    15
 Cast: Sting             |    97 |    99 |    12 ||   208
       Poisonous Vapours |     1 |    21 |       ||    22
 Abil: Hop               |     1 |     4 |     2 ||     7
  Use: Scroll            |       |     7 |     2 ||     9
       Potion            |       |     1 |     1 ||     2
Armor: Robe              |     8 |    10 |     2 ||    20
       Skin              |       |    13 |       ||    13
Dodge: Dodged            |    33 |    42 |    16 ||    91
